 Dungeon Crawl Stone Soup version 0.23.2-33-g5129a83184 (webtiles) character file.

Game seed: 15492576311590934243

572 Exodus22XD the Magician (level 7, -3/36 HPs)
             Began as a Deep Elf Wizard on June 29, 2019.
             Was a Follower of Sif Muna.
             Shot with an arrow by a centaur (16 damage)
             ... on level 6 of the Dungeon.
             The game lasted 00:22:10 (4403 turns).

Exodus22XD the Magician (Deep Elf Wizard)           Turns: 4403, Time: 00:22:10

Health: -3/36      AC:  5    Str:  4    XL:     7   Next: 12%
Magic:  12/17      EV: 13    Int: 25    God:    Sif Muna [*.....]
Gold:   126        SH:  0    Dex: 13    Spells: 5/16 levels left

rFire    . . .     SeeInvis .   i - +0 dagger
rCold    + + .     Gourm    .   (no shield)
rNeg     . . .     Faith    +   k - +2 robe {rC+ rF+}
rPois    .         Spirit   .   b - +0 hat
rElec    .         Reflect  .   e - +0 cloak
rCorr    .         Harm     .   (no gloves)
MR       .....                  (no boots)
Stlth    ++........             m - amulet of faith
HPRegen  0.12/turn              a - ring of ice
MPRegen  0.15/turn              (no ring)

@: no status effects
A: no striking features
a: Divine Energy, Renounce Religion


You were on level 6 of the Dungeon.
You worshipped Sif Muna.
Sif Muna was aware of your devotion.
You were not hungry.

You visited 2 branches of the dungeon, and saw 7 of its levels.

You collected 126 gold pieces.

Inventory:

Hand Weapons
 i - a +0 dagger (weapon)
Armour
 b - a +0 hat (worn)
 e - a +0 cloak (worn)
 k - a +2 robe of resistance (worn)
Jewellery
 a - a ring of ice (left hand)
 m - an amulet of faith (around neck)
Scrolls
 c - 3 scrolls of blinking
 f - 2 scrolls of enchant weapon {unknown}
 h - 2 scrolls of teleportation
 l - a scroll of fear {unknown}
 q - a scroll of remove curse {unknown}
Potions
 g - 3 potions of curing {unknown}
 j - 2 potions of flight
 n - a potion of degeneration {unknown}
 o - a potion of heal wounds {unknown}
 p - a potion of might {unknown}
 r - 2 potions of mutation {unknown}
Comestibles
 d - 5 rations


   Skills:
 - Level 2.4 Dodging
 - Level 2.4 Stealth
 - Level 5.4 Spellcasting
 - Level 4.8 Conjurations
 - Level 3.2 Summonings
 - Level 2.0 Translocations
 - Level 4.6 Fire Magic
 + Level 0.5 Poison Magic


You had 5 spell levels left.
You knew the following spells:

 Your Spells              Type           Power        Failure   Level  Hunger
a - Magic Dart            Conj           ####         1%          1    None
b - Call Imp              Summ           ###.....     3%          2    None
c - Blink                 Tloc           N/A          5%          2    None
d - Conjure Flame         Conj/Fire      ####....     3%          3    #......
e - Mephitic Cloud        Conj/Pois/Air  ###.....     12%         3    #......

Your spell library contained the following spells:

 Spells                   Type           Power        Failure   Level  Hunger
 Slow                     Hex            #.......     12%         2    None


Dungeon Overview and Level Annotations

Branches:
Dungeon (6/15)             Temple (1/1) D:4

Altars:
Cheibriados
Elyvilon
Gozag
Hepliaklqana
Kikubaaqudgha
Makhleb
Nemelex Xobeh
Okawaru
Ru
Sif Muna
Uskayaw
Vehumet
Yredelemnul
Zin
The Shining One


Message History

The centaur shouts!
The centaur wields a +0 shortbow.
The centaur shoots an arrow.
The arrow hits you!
You see here an arrow.
The centaur shoots an arrow.
The arrow hits you!
You see here an arrow.
Casting: Magic Dart (safe; 1% risk of failure)
Confirm with . or Enter, or press ? or * to list all spells.
You blink.
The centaur shoots an arrow.
The arrow hits you.
Casting: Blink (safe; 5% risk of failure)
Confirm with . or Enter, or press ? or * to list all spells.
You blink.
The centaur shoots an arrow.
The arrow closely misses you.
Found a burning altar of Makhleb.
Casting: Blink (safe; 5% risk of failure)
Confirm with . or Enter, or press ? or * to list all spells.
You blink.
The centaur shoots an arrow.
The arrow hits you!
You see here an arrow.
The centaur shoots an arrow.
The arrow hits you!
You die...

########################
..'........#.......#...#
..#........#..>....#...#
..##..##.###..##...#.)<#
#####'##.###..##..(##).#
..##..........####'##..#
.)......<.......@(.÷.[.#
..##.....####)##...[...#
..#########...##.......#
# ..#
.........#.......†##...#
..#
.........#.........'.....
.##
##....#..####.##..##.....
## .........#######..##
##.. ..#...#..........c..
. ##.###..........#######


You could see a centaur.

Vanquished Creatures
  3 ogres
  A howler monkey (D:4)
  A bullfrog skeleton (D:4)
  Natasha (twice) (D:3)
  4 adders
  A gnoll (D:3)
  An ooze (D:4)
  2 dart slugs (D:2)
  3 leopard geckos (D:4)
  6 orcs
  2 ball pythons
  2 giant cockroaches
  4 goblins
  5 hobgoblins
  7 jackals
  7 bats
  4 frilled lizards
  6 kobolds
  A leopard gecko skeleton (D:4)
  5 rats
67 creatures vanquished.

Vanquished Creatures (collateral kills)
  Jessica (D:3)
  A worker ant (D:4)
  An iguana (D:4)
  3 gnolls (D:3)
  An adder (D:4)
  A worm (D:2)
  4 orcs (D:6)
12 creatures vanquished.

Grand Total: 79 creatures vanquished

Notes
Turn   | Place    | Note
-------+----------+-------------------------------------------
     0 | D:1      | Exodus22XD the Deep Elf Wizard began the quest for the Orb.
     0 | D:1      | Reached XP level 1. HP: 10/10 MP: 7/7
   195 | D:1      | Reached XP level 2. HP: 15/15 MP: 2/9
   199 | D:1      | Learned a level 2 spell: Call Imp
   989 | D:2      | Reached XP level 3. HP: 19/19 MP: 3/10
  1534 | D:2      | Learned a level 2 spell: Blink
  1733 | D:3      | Noticed Jessica
  1741 | D:3      | Killed Jessica
  1741 | D:3      | Reached XP level 4. HP: 24/24 MP: 2/12
  2109 | D:3      | Noticed Natasha
  2239 | D:3      | Killed Natasha
  2239 | D:3      | Reached XP level 5. HP: 28/28 MP: 6/13
  2244 | D:3      | Learned a level 3 spell: Conjure Flame
  2393 | D:3      | Found a sacrificial altar of Ru.
  2462 | D:3      | Noticed Natasha
  2522 | D:3      | Killed Natasha
  2654 | D:3      | Found a sparkling altar of Nemelex Xobeh.
  2721 | D:4      | Found a staircase to the Ecumenical Temple.
  2752 | D:4      | Noticed an ogre
  2761 | D:4      | Killed an ogre
  2763 | Temple   | Entered the Ecumenical Temple
  2969 | Temple   | Became a worshipper of Sif Muna the Loreminder
  3020 | D:4      | Reached XP level 6. HP: 23/32 MP: 0/14
  3159 | D:4      | Found an ancient bone altar of Kikubaaqudgha.
  3257 | D:4      | Learned a level 3 spell: Mephitic Cloud
  3500 | D:4      | Reached * piety under Sif Muna
  3797 | D:5      | Entered Level 5 of the Dungeon
  3963 | D:6      | Reached skill level 5 in Spellcasting
  3963 | D:6      | Reached XP level 7. HP: 36/36 MP: 3/16
  4391 | D:6      | Found a radiant altar of Vehumet.
  4397 | D:6      | Found a burning altar of Makhleb.
  4397 | D:6      | Noticed an Executioner
  4403 | D:6      | Shot with an arrow by a centaur

Skill      XL: |  1  2  3  4  5  6 |
---------------+-------------------+-----
Conjurations   | 2 3 4 |  4.8
Summonings     | 2 3 |  3.2
Translocations | 2 |  2.0
Fire Magic     | 3 4 |  4.6
Spellcasting   | 5 |  5.4
Dodging        | |  2.4
Stealth        | |  2.4
Poison Magic   | |  0.5

Action                   |  1- 3 |  4- 6 |  7- 9 || total
-------------------------+-------+-------+-------++-------
Melee: Dagger            |       |     2 |    19 ||    21
 Cast: Magic Dart        |    71 |   113 |    23 ||   207
       Call Imp          |     4 |    10 |     8 ||    22
       Blink             |       |     3 |     3 ||     6
       Conjure Flame     |       |     3 |     2 ||     5
       Mephitic Cloud    |       |     1 |       ||     1
  Use: Scroll            |       |     3 |       ||     3
 Stab: Distracted        |       |       |     1 ||     1
  Eat: Ration            |     1 |     2 |       ||     3
       Chunk             |     1 |       |       ||     1
Armor: Robe              |       |     5 |     5 ||    10
Dodge: Dodged            |     8 |     8 |    30 ||    46
